 Dungeon Crawl Stone Soup version 0.31-a0-256-g80acddb972 (webtiles) character file.

Game seed: 965091049379814256

410711 Morbidden the Bludgeoner (level 22, -2/173 HPs)
             Began as a Demonspawn Fighter on July 13, 2023.
             Was the Champion of Cheibriados.
             Slain by Vv (11 damage)
             ... on level 4 of the Depths.
             The game lasted 01:12:42 (45054 turns).

Morbidden the Bludgeoner (Demonspawn Fighter)      Turns: 45054, Time: 01:12:42

Health: -2/173     AC: 30    Str: 39    XL:     22   Next: 46%
Magic:  37/37      EV: 28    Int: 30    God:    Cheibriados [******]
Gold:   2426       SH: 21    Dex: 36    Spells: 28/44 levels left

rFire   + . .        a - +17 lance "Wyrmbane" {slay drac, rPois rF+ rC+ AC+3}
rCold   + . .        c - +5 kite shield {reflect}
rNeg    + . .        m - +7 chain mail "Veuscho" {rElec Regen+ Slay+5}
rPois   +            (helmet unavailable)
rElec   +            l - +1 cloak of the Original Sin {Contam rN+ Slay+6}
rCorr   .            S - +1 pair of gloves of a volcano {Int+3 Dex+2}
SInv    .            h - +2 pair of boots {Stlth+}
Will    +++..        g - necklace of Bloodlust {Fury *Rage Will++ Int-3 Slay+6}
Stlth   ++++++       T - +4 ring of slaying
HPRegen 1.28/turn    x - +5 ring of evasion
MPRegen 0.25/turn

%: random rage (50%), reflection
@: about to teleport, on berserk cooldown, slowed, studying 2 skills, very slow
A: horns 3, thin skeletal structure 3, spiny 2, augmentation 2, demonic magic 2,
clever 1, screaming 1, subdued magic 1
}: 2/15 runes: barnacled, gossamer
a: Renounce Religion, Bend Time, Temporal Distortion, Slouch, Step From Time


You were on level 4 of the Depths.
You worshipped Cheibriados.
Cheibriados was exalted by your worship.
You visited 9 branches of the dungeon, and saw 42 of its levels.
You visited the Abyss 1 time.
You also visited: Volcano.

You collected 5178 gold pieces.
You spent 2752 gold pieces at shops.

Inventory:

Hand Weapons
 a - the +17 lance "Wyrmbane" (weapon) {slay drac, rPois rF+ rC+ AC+3}
   (You took it off a deep elf high priest on level 3 of the Elven Halls)

   AC:        It affects your AC (+3).
   rF:        It protects you from fire.
   rC:        It protects you from cold.
   rPois:     It protects you from poison.
 b - the +7 sceptre of Torment {pain, torment}
   (You found it on level 2 of the Lair of Beasts)
 s - a +5 broad axe of draining
Missiles
 r - 44 boomerangs
 K - 10 javelins
 L - 4 silver javelins
 P - 20 curare-tipped darts (quivered)
 U - 5 silver boomerangs
Armour
 c - a +5 kite shield of reflection (worn)
 h - a +2 pair of boots of stealth (worn)
 l - the +1 cloak of the Original Sin (worn) {Contam rN+ Slay+6}
   (You bought it in a shop on level 2 of the Orcish Mines)

   Slay:      It affects your accuracy & damage with ranged weapons and melee
   (+6).
   rN:        It protects you from negative energy.
   Contam:    It causes magical contamination when unequipped.
 m - the +7 chain mail "Veuscho" (worn) {rElec Regen+ Slay+5}
   (You found it on level 13 of the Dungeon)

   Slay:      It affects your accuracy & damage with ranged weapons and melee
   (+5).
   rElec:     It insulates you from electricity.
   Regen:     It increases your rate of health regeneration.
 C - a +3 plate armour of fire resistance
 S - the +1 pair of gloves of a volcano (worn) {Int+3 Dex+2}
   (You found it on level 1 of the Elven Halls)

   Int:       It affects your intelligence (+3).
   Dex:       It affects your dexterity (+2).
Jewellery
 g - the necklace of Bloodlust (around neck) {Fury *Rage Will++ Int-3 Slay+6}
   (You bought it in a shop on level 3 of the Vaults)

   [amulet of nothing]

   Fury:      It extends the wearer's berserk rage when killing foes.
   Int:       It affects your intelligence (-3).
   Slay:      It affects your accuracy & damage with ranged weapons and melee
   (+6).
   *Rage:     It berserks you when you make melee attacks (+50% chance).
   Will:      It greatly increases your willpower.
 o - the amulet "Qacivub" {Reflect rElec Int+3 SH+5 SInv}
   (You found it on level 1 of the Depths)

   [amulet of reflection]

   It reflects blocked missile attacks.
   Int:       It affects your intelligence (+3).
   rElec:     It insulates you from electricity.
   SInv:      It lets you see invisible.
   SH:        It affects your SH (+5).
 t - a ring of protection from cold
 x - a +5 ring of evasion (right hand)
 T - a +4 ring of slaying (left hand)
 V - the ring of Gepilah {Fly Slay+3}
   (You took it off a deep elf elementalist on level 3 of the Elven Halls)

   [ring of flight]

   Slay:      It affects your accuracy & damage with ranged weapons and melee
   (+3).
   Fly:       It grants you flight.
 Z - a ring of see invisible
Talismans
 v - a granite talisman
 X - a serpent talisman
Wands
 y - a wand of roots (34)
 A - a wand of flame (123)
 G - a wand of light (26)
 N - a wand of mindburst (5)
 Y - a wand of digging (6)
Scrolls
 e - 3 scrolls of blinking
 i - 3 scrolls of revelation
 j - 4 scrolls of enchant armour
 n - 8 scrolls of silence
 q - 9 scrolls of teleportation
 H - 9 scrolls of poison
 R - 5 scrolls of fear
Potions
 d - 11 potions of might
 f - 12 potions of mutation
 k - 9 potions of curing
 p - 6 potions of lignification
 u - 3 potions of resistance
 w - 3 potions of berserk rage
 B - 4 potions of brilliance
 D - 9 potions of invisibility
 E - 4 potions of attraction
 I - 5 potions of enlightenment
 J - 3 potions of cancellation
 M - 4 potions of heal wounds
 Q - 6 potions of ambrosia
Miscellaneous
 z - a phantom mirror
 F - a condenser vane (inert)
 O - a lightning rod (4/4)
 W - a sack of spiders


   Skills:
 * Level 14.3 Fighting
 + Level 8.9(13.5) Axes
 + Level 15.1(16.0) Maces & Flails
 * Level 5.7(8.1) Polearms
 * Level 8.1 Throwing
 + Level 11.3 Armour
 * Level 11.7 Dodging
 + Level 6.2 Stealth
 + Level 9.9 Shields
 + Level 8.8 Unarmed Combat
 * Level 11.7 Spellcasting
 * Level 6.4 Conjurations
 + Level 9.0 Necromancy
 * Level 2.4 Fire Magic
 * Level 6.2 Air Magic
 - Level 13.0 Invocations
 * Level 12.0 Evocations
 * Level 9.6 Shapeshifting


You had 28 spell levels left.
You knew the following spells:

 Your Spells              Type           Power      Damage    Failure   Level
a - Vampiric Draining     Necr           53%        2d9       1%          3
b - Arcjolt               Conj/Air       21%        1d31      19%         5
c - Ignition              Fire           12%        3d6       100%        8

Your spell library contained the following spells:

 Spells                   Type           Power      Damage    Failure   Level
 Magic Dart               Conj           100%       1d8       1%          1
 Necrotise                Necr           100%       1d9       1%          1
 Cigotuvi's Dreadful Rot  Necr/Pois/Air  74%        N/A       1%          2
 Searing Ray              Conj           86%        2d7       1%          2
 Swiftness                Air            42%        N/A       1%          3
 Dispel Undead            Necr           53%        3d19      1%          4
 Poisonous Vapours        Pois/Air       54%        N/A       3%          2
 Scorch                   Fire           48%        2d7       4%          2
 Agony                    Necr           53%        N/A       5%          5
 Hailstorm                Conj/Ice       28%        3d8       7%          3
 Stone Arrow              Conj/Erth      56%        3d10      7%          3
 Vhi's Electric Charge    Tloc/Air       54%        N/A       7%          3
 Apportation              Tloc           26%        N/A       9%          1
 Freeze                   Ice            52%        1d6       9%          1
 Slow                     Hex            52%        N/A       9%          1
 Ensorcelled Hibernation  Hex/Ice        26%        N/A       13%         2
 Lesser Beckoning         Tloc           26%        N/A       13%         2
 Passwall                 Tmut/Erth      10%        N/A       13%         2
 Anguish                  Hex/Necr       17%        N/A       13%         4
 Flame Wave               Conj/Fire      34%        2d10      14%         4
 Sticky Flame             Conj/Fire      34%        2d5       14%         4
 Inner Flame              Hex/Fire       19%        N/A       16%         3
 Iskenderun's Battlesphe  Conj           43%        2d9       17%         5
 Ignite Poison            Fire/Tmut/Pois 17%        N/A       19%         3
 Fulminant Prism          Conj/Hex       14%        3d9       24%         4
 Iskenderun's Mystic Bla  Conj/Tloc      28%        2d7       24%         4
 Call Canine Familiar     Summ           13%        N/A       26%         3
 Confusing Touch          Hex            13%        N/A       26%         3
 Frozen Ramparts          Ice            26%        1d4       26%         3
 Gell's Gravitas          Tloc           13%        N/A       26%         3
 Ozocubu's Armour         Ice            13%        N/A       26%         3
 Portal Projectile        Hex/Tloc       26%        N/A       26%         3
 Summon Guardian Golem    Hex/Summ       13%        N/A       26%         3
 Teleport Other           Tloc           13%        N/A       26%         3
 Tukima's Dance           Hex            13%        N/A       26%         3
 Death Channel            Necr           26%        N/A       32%         6
 Fireball                 Conj/Fire      17%        3d9       38%         5
 Freezing Cloud           Conj/Ice/Air   16%        6-21      41%         5
 Silence                  Hex/Air        13%        N/A       58%         5
 Animate Armour           Summ/Erth      26%        N/A       67%         4
 Leda's Liquefaction      Hex/Erth       6%         N/A       67%         4
 Passage of Golubria      Tloc           13%        N/A       67%         4
 Summon Ice Beast         Ice/Summ       13%        N/A       67%         4
 Conjure Ball Lightning   Conj/Air       21%        3x3d6     71%         6
 Simulacrum               Ice/Necr       17%        N/A       92%         6
 Plasma Beam              Fire/Air       16%        2x1d28    94%         6
 Alistair's Intoxication  Tmut/Pois      8%         N/A       95%         5
 Metabolic Englaciation   Hex/Ice        6%         N/A       95%         5
 Summon Forest            Summ/Tloc      6%         N/A       95%         5
 Summon Mana Viper        Hex/Summ       13%        N/A       95%         5
 Yara's Violent Unravell  Hex/Tmut       6%         3d5       95%         5
 Leda's Unmaking          Conj/Erth      14%        9d3       99%         6
 Orb of Destruction       Conj           21%        9d8       99%         7
 Dispersal                Tloc           6%         N/A       100%        6
 Summon Cactus Giant      Summ           6%         N/A       100%        6
 Enfeeble                 Hex            6%         N/A       100%        7
 Malign Gateway           Summ/Tloc      6%         N/A       100%        7
 Monstrous Menagerie      Summ           6%         N/A       100%        7
 Ozocubu's Refrigeration  Ice            6%         4d8       100%        7
 Spellforged Servitor     Conj/Summ      14%        N/A       100%        7
 Discord                  Hex            6%         N/A       100%        8
 Disjunction              Tloc           6%         N/A       100%        8
 Lehudib's Crystal Spear  Conj/Erth      14%        10d5      100%        8
 Maxwell's Capacitive Co  Air            21%        ∞         100%        8
 Polar Vortex             Ice            6%         N/A       100%        9


Dungeon Overview and Level Annotations

Branches:
Dungeon (15/15)            Temple (1/1) D:6            Lair (5/5) D:9
 Shoals (4/4) Lair:2       Spider (4/4) Lair:3        Slime (0/5) Lair:5
    Orc (2/2) D:11            Elf (3/3) Orc:2        Vaults (4/5) D:14
  Crypt (0/3) Vaults:2     Depths (4/4) D:15            Zot (0/5) Depths:4
Volcano (visited)

Altars:
Ashenzari
Cheibriados
Dithmenos
Fedhas
Gozag
Hepliaklqana
Kikubaaqudgha
Makhleb
Nemelex Xobeh
Okawaru
Qazlal
Ru
Sif Muna
Trog
Uskayaw
Vehumet
Wu Jian
Xom
Yredelemnul
Jiyva

Shops:
D:11 (   D:12 *   D:14 [   D:15 :   Orc:2 [!?[   Elf:1 [   Vaults:1 !
Vaults:2 !*(!   Vaults:3 **=   Depths:4 !=*:

Portals:
Hell: Depths:1 Depths:2 Depths:3 Depths:4
Abyss: Depths:3 Depths:4
Pandemonium: Depths:2
Ziggurat: Depths:2

Annotations:
D:9 1 runed translucent door, Morbidden's ghost, novice VSFi
D:13 2 transporters, Morbidden's ghost, journeyman TrSh
Orc:2 3 runed translucent doors, exclusion: obsidian statue, Gargoyl's ghost, journeyman GrBe
Elf:2 3 runed translucent doors
Depths:2 2 transporters, 3 runed translucent doors, exclusion: obsidian statue, Obergh's ghost, journeyman SpBr
Depths:3 Xtahua
Depths:4 Vv


Innate Abilities, Weirdness & Mutations

You have a pair of large horns on your head.
You have an unnaturally thin skeletal structure. (Dex +6, Stealth+++)
You are mostly covered in sharp spines.
Your magical and physical power is enhanced at high health.
Spells you cast may paralyse nearby enemies.
Your mind is acute. (Int +4, Str/Dex -1)
You occasionally shout uncontrollably at your foes.
Your spells are a little easier to cast, but a little less powerful.


Message History

The bolt of fire hits you! You resist.
You hear a sizzling sound!
Vv completely misses you. x2
Unknown command.
Unknown command.
Unknown command.
You spit the fire giant like a pig!!! You headbutt the fire giant!
The fire giant is almost dead.
The fire giant is engulfed in freezing vapours.
You kill the fire giant!
Cheibriados thoroughly appreciates the change of pace.
You block Vv's attack. x2
The fire dragon is engulfed in blazing flames.
The fire dragon is struck by your spines.
The fire dragon bites you but does no damage.
The fire dragon completely misses you. The fire dragon misses you.
Unknown command.
Unknown command.
You hit the fire dragon but do no damage.
The fire dragon convulses.
You headbutt the fire dragon!!
The fire dragon is heavily wounded.
You block Vv's attack. x2
The fire dragon is engulfed in blazing flames.
You block the fire dragon's attack.
The fire dragon claws you but does no damage.
The fire dragon tramples you.
You hold your ground!
The fire dragon is engulfed in blazing flames.
The fire dragon closely misses you. The fire dragon claws you!
The fire dragon tramples you but does no damage.
Vv hits you!!
* * * LOW HITPOINT WARNING * * *
Vv freezes you!! You resist.
* * * LOW HITPOINT WARNING * * *
Vv barely misses you.
Unknown command.
Unknown command.
Vv attacks as you move away! Vv misses you. Vv hits you.
* * * LOW HITPOINT WARNING * * *
You are engulfed in flames!
You resist.
You die...

#.......# ............ ))...⌠..+
∩.. ##............ #.......# ...
.#............ ####....# §.
#.#.....9...... ...###... .§
#..#............ .....###.
§##..#......#†≈... .......###
#####.§..#......≈≈....
.........###...D§§..#......(####.
....#......##..§@§§.#.......# ##.
....#.......###.)9§.#..##...# #..
....#.........##§.§.##.##...# #..
...............##....#.##...# #..
................###..#.##...# ###
......[...........##.#.##...#
...................##'.##...#
..............(#...........##
...............#...####....#


You could see Vv and a fire dragon.

Vanquished Creatures
  Saint Roka (Depths:1)
  A caustic shrike (Depths:3)
  2 golden dragons
  Zenata (Vaults:3)
  6 tentacled monstrosities
  Jorgrun (D:12)
  Mlioglotl (Spider:2)
  2 deep elf blademasters (Elf:3)
  3 deep elf master archers (Elf:3)
  2 liches (Depths:3)
  Asterion (Elf:3)
  2 quicksilver dragons
  A titan (Vaults:4)
  2 sphinxes
  A kraken (Shoals:3)
  2 storm dragons
  2 tengu reavers (Depths:3)
  A revenant (Vaults:2)
  Donald (Spider:2)
  10 deep elf sorcerers
  An iron dragon (Depths:3)
  Roxanne (Spider:2)
  3 fire giants
  3 emperor scorpions (Spider:4)
  12 vault wardens
  8 frost giants
  A balrug (Depths:3)
  3 ghost moths
  2 draconian scorchers (Depths:4)
  A spriggan defender (Depths:3)
  3 orc warlords
  4 deep elf elementalists (Elf:3)
  11 ironbound preservers
  A ghoul (Vaults:2)
  A cacodemon (Depths:2)
  14 very ugly things
  10 ironbound thunderhulks
  3 war gargoyles (Vaults:4)
  A vampire knight (Depths:3)
  9 stone giants
  4 deep elf demonologists (Elf:3)
  A formless jellyfish (shapeshifter) (Depths:3)
  10 deep elf annihilators
  12 dire elephants
  5 spark wasps
  2 black draconians (Depths:4)
  An eidolon (Vaults:2)
  6 fire dragons
  9 merfolk impalers
  7 deep elf death magi
  An entropy weaver (Spider:3)
  3 ettins
  Josephine (Lair:3)
  5 merfolk javelineers
  6 deep elf high priests (Elf:3)
  10 yaktaur captains
  2 peacekeepers (Vaults:4)
  2 vault guards (Vaults:1)
  4 great orbs of eyes
  5 ogre magi
  3 rakshasas
  6 ice dragons
  3 alligator snapping turtles
  A spriggan skeleton (Depths:2)
  4 jorogumos
  12 centaur warriors
  8 hydras
  3 spriggan air magi
  21 two-headed ogres
  15 dancing weapons
  6 ironbound frosthearts
  A radroach (Spider:3)
  A deep troll shaman (Depths:3)
  2 death knights
  6 boulder beetles
  5 merfolk aquamancers
  A merfolk avatar (Shoals:3)
  2 satyrs
  4 demonic crawlers
  6 tengu warriors
  A death scarab (Spider:3)
  7 death yaks
  7 spriggan berserkers
  2 orc high priests (Orc:1)
  A deep troll earth mage (Depths:1)
  2 thrashing horrors (Abyss:2)
  7 deep elf knights
  A soul eater (Vaults:2)
  4 skysharks
  Nergalle (D:12)
  5 hell knights (Depths:3)
  An iron troll (Depths:1)
  5 pharaoh ants
  2 sun demons
  2 skeletal warriors (D:15)
  29 deep trolls
  Amaemon (Lair:2)
  9 sea snakes
  6 orb spiders
  A flayed ghost (Depths:2)
  2 glowing orange brains
  12 deep elf archers
  5 orc knights
  A tengu zombie (Depths:2)
  8 wizards
  23 deep elf pyromancers
  4 necromancers
  14 ironbound convokers
  24 deep elf zephyrmancers
  A frost giant zombie (Depths:2)
  2 orc sorcerers
  4 lindwurms
  2 shining eyes (Depths:2)
  28 ugly things
  2 fire giant zombies
  15 harpies
  4 steelbarb worms
  A salamander (Volcano)
  15 wolf spiders
  4 cyclopes
  4 fauns (Shoals:2)
  Joseph (D:10)
  7 manticores
  A salamander (shapeshifter) (D:15)
  A stone giant skeleton (Vaults:4)
  3 black mambas
  Maurice (D:12)
  3 moths of wrath
  7 elephants
  A gargoyle (D:12)
  A rust devil (Depths:2)
  3 smoke demons
  9 merfolk sirens
  12 vault sentinels
  An unseen horror (D:12)
  14 cane toads
  8 water nymphs
  3 torpor snails (Lair:5)
  An orange demon (Lair:2)
  4 rime drakes
  A human skeleton (Vaults:4)
  Maggie (D:8)
  13 komodo dragons
  5 kobold demonologists
  An efreet (D:14)
  A freezing wraith (D:15)
  56 yaktaurs
  A tengu conjurer (Depths:3)
  2 ancient zymes (Abyss:2)
  3 meliai (D:15)
  8 trolls
  23 merfolk
  A hellwing (Depths:2)
  5 wind drakes
  14 hornets
  5 polar bears
  A meliai (shapeshifter) (D:14)
  17 tarantellas
  26 dream sheep
  14 blink frogs
  13 snapping turtles
  22 slime creatures
  39 jumping spiders
  Sigmund (D:2)
  3 large abominations (Abyss:2)
  17 spriggans
  52 yaks
  9 air elementals
  4 wraiths
  3 shadows
  5 wyverns
  2 vampires
  31 water elementals
  13 culicivoras
  6 basilisks
  2 fire bats (Volcano)
  3 fire elementals
  A steam dragon (D:7)
  52 redbacks
  A chaos spawn (Abyss:2)
  4 vampire mosquitoes
  Menkaure (D:7)
  A glowing shapeshifter zombie (Vaults:4)
  2 wargs
  24 water moccasins
  3 acid dragons
  A hell hound (Volcano)
  2 floating eyes (Depths:2)
  27 orc warriors
  2 ice beasts
  7 black bears
  A glowing shapeshifter skeleton (Depths:2)
  17 wolves
  8 boggarts
  8 centaurs
  39 ogres
  3 phantoms (D:6)
  12 kobold brigands
  A gnoll sergeant (D:12)
  2 earth elementals
  18 bullfrogs
  5 scorpions
  A human simulacrum (Vaults:4)
  19 killer bees
  6 howler monkeys
  3 electric eels
  3 hounds
  2 quasits (Abyss:2)
  A jelly (Lair:5)
  A gnoll bouda (D:7)
  15 orc priests
  3 iguanas
  19 orc wizards
  3 sleepcaps
  11 gnolls
  8 adders
  3 shadow imps
  3 white imps
  2 ufetubi
  3 worms
  2 dart slugs (D:1)
  85 orcs
  7 ball pythons
  4 endoplasms
  2 giant cockroaches
  10 goblins
  7 hobgoblins
  2 jackals (D:1)
  61 kobolds
  3 quokkas
  3 bats
  12 kobold skeletons (D:12)
  6 kobold zombies (D:12)
  2 rats
  A lurking horror (Abyss:2)
  A tentacle (Shoals:3)
1670 creatures vanquished.

Vanquished Creatures (collateral kills)
  A red devil (Depths:2)
1 creature vanquished.

Vanquished Creatures (others)
  A jorogumo (Spider:1)
  A merfolk aquamancer (Shoals:4)
  A deep elf pyromancer (Elf:1)
  A floating eye (Depths:3)
  A boggart (Vaults:2)
  7 tentacles (Shoals:3)
12 creatures vanquished.

Grand Total: 1683 creatures vanquished

Notes
Turn   | Place    | Note
-------+----------+-------------------------------------------
     0 | D:1      | Morbidden the Demonspawn Fighter began the quest for the
                  | Orb.
     0 | D:1      | Reached XP level 1. HP: 18/18 MP: 1/1
   113 | D:1      | Gained mutation: You have a pair of small horns on your
                  | head. [demonic ancestry]
   113 | D:1      | Reached XP level 2. HP: 16/24 MP: 2/2
   344 | D:1      | Reached XP level 3. HP: 29/29 MP: 3/3
   811 | D:2      | Noticed Sigmund
   811 | D:2      | Found a faded altar of an unknown god.
   820 | D:2      | Killed Sigmund
   821 | D:2      | Reached skill level 1 in Dodging
   821 | D:2      | Reached skill level 1 in Unarmed Combat
   821 | D:2      | Reached skill level 1 in Spellcasting
   821 | D:2      | Gained mutation: You are partially covered in sharp spines.
                  | [demonic ancestry]
   821 | D:2      | Reached XP level 4. HP: 30/35 MP: 3/5
   821 | D:2      | Gained mutation: You are mostly covered in sharp spines.
                  | [demonic ancestry]
   821 | D:2      | Reached XP level 5. HP: 36/41 MP: 3/6
   865 | D:2      | Identified the +1 leather armour of Cocytus {Rampage}
  1404 | D:2      | Reached XP level 6. HP: 47/47 MP: 7/7
  2485 | D:4      | Gained mutation: You have a pair of horns on your head.
                  | [demonic ancestry]
  2485 | D:4      | Reached XP level 7. HP: 47/53 MP: 6/9
  3202 | D:5      | Entered Level 5 of the Dungeon
  3231 | D:5      | Reached skill level 1 in Shapeshifting
  3304 | D:5      | Found a shadowy altar of Dithmenos.
  3395 | D:5      | Identified the +0 robe of Hudox {*Slow Will+ Int+8}
  3715 | D:5      | Gained mutation: You have a somewhat thin skeletal
                  | structure. (Dex +2, Stealth+) [demonic ancestry]
  3715 | D:5      | Reached XP level 8. HP: 58/60 MP: 11/11
  4148 | D:6      | Reached skill level 5 in Axes
  4283 | D:6      | You fall into a shaft and drop 2 floors!
  4563 | D:6      | Reached skill level 5 in Fighting
  4563 | D:6      | Gained mutation: You have a moderately thin skeletal
                  | structure. (Dex +4, Stealth++) [demonic ancestry]
  4563 | D:6      | Reached XP level 9. HP: 65/68 MP: 12/14
  4813 | D:6      | Found a staircase to the Ecumenical Temple.
  4823 | Temple   | Entered the Ecumenical Temple
  5231 | D:7      | Noticed Menkaure
  5239 | D:7      | Killed Menkaure
  5321 | D:7      | Reached skill level 5 in Armour
  5321 | D:7      | Reached skill level 1 in Stealth
  6159 | D:8      | Paralysed by a hornet for 3 turns
  6165 | D:8      | Gained mutation: Your mind is acute. (Int +4, Str/Dex -1)
                  | [potion of mutation]
  6165 | D:8      | Gained mutation: You have a pair of large horns on your
                  | head. [potion of mutation]
  6165 | D:8      | Gained mutation: Your spells are a little easier to cast,
                  | but a little less powerful. [potion of mutation]
  6409 | D:8      | Noticed Maggie
  6428 | D:8      | Killed Maggie
  6476 | D:8      | Mutation became permanent: You have a pair of horns on your
                  | head. [demonic ancestry]
  6476 | D:8      | Gained mutation: You have a pair of large horns on your
                  | head. [demonic ancestry]
  6476 | D:8      | Reached XP level 10. HP: 14/76 MP: 4/16
  6695 | D:8      | Identified the +4 scale mail of Articulation {rPois rN+}
  6755 | D:8      | Found a snail-covered altar of Cheibriados.
  6758 | D:8      | Became a worshipper of Cheibriados the Contemplative
  6802 | D:8      | Found a broken altar of Ashenzari.
  6908 | D:8      | Found a hazy altar of Hepliaklqana.
  7086 | D:9      | Found a hide-covered altar of Uskayaw.
  7088 | D:9      | Noticed a +0 hand axe
  7089 | D:9      | Noticed a +0 hand axe
  7155 | D:9      | Reached skill level 1 in Invocations
  7165 | D:9      | Reached * piety under Cheibriados
  7178 | D:9      | Noticed a sixfirhy
  7186 | D:9      | Noticed a sun demon
  7833 | D:9      | Found a staircase to the Lair.
  7932 | Lair:1   | Entered Level 1 of the Lair of Beasts
  8175 | Lair:1   | Noticed a cane toad
  8357 | D:9      | Noticed a soul eater
  8499 | D:9      | Found a runed translucent door.
  8500 | D:9      | Found a shimmering altar of Xom.
  8500 | D:9      | Noticed Morbidden's ghost (novice VSFi)
  8501 | D:9      | Noticed a +0 dire flail of chaos
  8589 | D:9      | Found an ornate altar of the Wu Jian Council.
  8719 | D:10     | Entered Level 10 of the Dungeon
  8730 | D:10     | Found an opulent altar of Gozag.
  8781 | D:10     | Noticed a four-headed hydra
  8792 | D:10     | Noticed Joseph
  8921 | Lair:1   | Noticed a cane toad
  8922 | Lair:1   | Killed a cane toad
  8980 | Lair:1   | Reached skill level 5 in Spellcasting
  8981 | Lair:1   | Killed a cane toad
  9047 | Lair:1   | Reached ** piety under Cheibriados
  9160 | Lair:1   | Gained mutation: Spells you cast may paralyse adjacent
                  | enemies. [demonic ancestry]
  9160 | Lair:1   | Reached XP level 11. HP: 80/83 MP: 16/18
  9562 | Lair:1   | Reached skill level 5 in Dodging
  9876 | Lair:1   | Reached skill level 5 in Unarmed Combat
 10345 | Lair:2   | Noticed Amaemon
 10363 | Lair:2   | Killed Amaemon
 10601 | Lair:2   | Noticed a five-headed hydra
 10608 | Lair:2   | Killed a five-headed hydra
 10902 | Lair:2   | Noticed an eight-headed hydra
 10911 | Lair:2   | Killed an eight-headed hydra
 10925 | Lair:2   | HP: 6/126 [rime drake/icy flash freeze (10)]
 11287 | Lair:2   | Reached *** piety under Cheibriados
 11289 | Lair:2   | Reached skill level 1 in Maces & Flails
 11301 | Lair:2   | Reached skill level 5 in Invocations
 11811 | Lair:2   | Found a staircase to the Shoals.
 11816 | Lair:2   | Reached skill level 2 in Maces & Flails
 11824 | Lair:2   | Reached XP level 12. HP: 35/91 MP: 8/21
 12136 | Lair:2   | You fall into a shaft and drop 2 floors!
 12168 | Lair:4   | Reached skill level 5 in Shields
 12202 | Lair:3   | Reached **** piety under Cheibriados
 12352 | Lair:3   | Found a hole to the Spider Nest.
 12480 | Lair:3   | Found a dark tunnel.
 12488 | Volcano  | Entered a volcano
 12505 | Volcano  | Noticed a two-headed ogre
 12505 | Volcano  | Noticed a two-headed ogre
 12521 | Volcano  | Killed a two-headed ogre
 12523 | Volcano  | Killed a two-headed ogre
 12628 | Volcano  | Noticed a two-headed ogre
 12638 | Volcano  | Killed a two-headed ogre
 12896 | Lair:3   | Reached skill level 1 in Throwing
 13076 | Lair:3   | Reached skill level 5 in Shapeshifting
 13180 | Lair:3   | Noticed Josephine
 13188 | Lair:3   | Reached ***** piety under Cheibriados
 13194 | Lair:3   | Killed Josephine
 13196 | Lair:3   | Reached skill level 1 in Polearms
 13511 | Lair:3   | Noticed a five-headed hydra
 13515 | Lair:3   | Killed a five-headed hydra
 13516 | Lair:3   | Reached XP level 13. HP: 93/99 MP: 19/23
 14299 | Lair:2   | Found the +7 sceptre of Torment {pain, torment}
 14904 | Lair:4   | Reached skill level 3 in Maces & Flails
 14909 | Lair:4   | Learned a level 3 spell: Vampiric Draining
 15633 | Lair:4   | Reached skill level 1 in Necromancy
 15647 | Lair:4   | Reached skill level 4 in Maces & Flails
 15912 | Lair:5   | Entered Level 5 of the Lair of Beasts
 15927 | Lair:5   | Reached skill level 5 in Maces & Flails
 16056 | Lair:5   | Got the Reference Book on Orientation
 16093 | Lair:5   | Reached ****** piety under Cheibriados
 16123 | Lair:5   | Gained mutation: Spells you cast may paralyse nearby
                  | enemies. [demonic ancestry]
 16123 | Lair:5   | Reached XP level 14. HP: 62/108 MP: 12/25
 16291 | Lair:5   | Identified the +5 chain mail of Juppasez {rPois Will++
                  | Str-3 SInv}
 16386 | Lair:5   | Reached skill level 6 in Maces & Flails
 16738 | Lair:5   | Found a staircase to the Slime Pits.
 16739 | Lair:5   | Found a viscous altar of Jiyva.
 17571 | D:10     | Killed Joseph
 17572 | D:10     | Reached skill level 7 in Maces & Flails
 18287 | D:10     | Identified a scroll of acquirement
 18288 | D:10     | Acquired a +4 ring of slaying
 18384 | D:11     | Found a staircase to the Orcish Mines.
 18486 | D:11     | Found Lerooppau's Weapon Emporium.
 18495 | D:11     | Bought 6 curare-tipped darts for 122 gold pieces
 19058 | D:12     | Found Xikkitaf's Overcharged Wands.
 19322 | D:12     | Noticed Jorgrun
 19327 | D:12     | Killed Jorgrun
 19491 | D:12     | Noticed Maurice
 19500 | D:12     | Killed Maurice
 19505 | D:12     | Reached XP level 15. HP: 82/118 MP: 20/27
 19703 | D:12     | Noticed Nergalle
 19710 | D:12     | Killed Nergalle
 20000 | D:12     | Found an ancient bone altar of Kikubaaqudgha.
 20736 | D:13     | Identified the +0 ring mail "Baucealo" {*Corrode rC+ Int+2}
 20813 | D:13     | Reached skill level 8 in Maces & Flails
 20848 | D:13     | Identified the +7 chain mail "Veuscho" {rElec Regen+
                  | Slay+5}
 21022 | D:13     | Found a transporter.
 21022 | D:13     | Noticed Morbidden's ghost (journeyman TrSh)
 21086 | D:13     | Found a transporter.
 21225 | D:14     | Reached skill level 1 in Evocations
 21248 | D:14     | Found a gate to the Vaults.
 21270 | Abyss:2  | Found a corrupted altar of Lugonu.
 21270 | Abyss:2  | Cast into level 2 of the Abyss (a wizard)
 21317 | Abyss:2  | Found a corrupted altar of Lugonu.
 21473 | Abyss:2  | Noticed an Executioner
 21525 | Abyss:2  | Reached XP level 16. HP: 122/125 MP: 23/28
 21542 | Abyss:2  | Found a corrupted altar of Lugonu.
 21546 | D:14     | Escaped the Abyss
 21708 | D:14     | Found a radiant altar of Vehumet.
 21911 | D:14     | Found Itequr's Antique Armour Shoppe.
 21982 | D:14     | Reached skill level 9 in Maces & Flails
 22091 | D:15     | Entered Level 15 of the Dungeon
 22220 | D:15     | Found Niukhil's Self-Improvement Boutique.
 22319 | D:15     | Found a staircase to the Depths.
 22423 | D:15     | Reached skill level 5 in Necromancy
 23043 | Orc:1    | Entered Level 1 of the Orcish Mines
 23069 | Orc:1    | Paralysed by an orc sorcerer for 2 turns
 23222 | Orc:2    | Entered Level 2 of the Orcish Mines
 23296 | Orc:2    | Found a runed translucent gate.
 23296 | Orc:2    | Found a runed translucent gate.
 23296 | Orc:2    | Found a runed translucent gate.
 23298 | Orc:2    | Found an opulent altar of Gozag.
 23299 | Orc:2    | Noticed Gargoyl's ghost (journeyman GrBe)
 23311 | Orc:2    | Paralysed by something for 5 turns
 23360 | Orc:2    | Reached skill level 10 in Maces & Flails
 23364 | Orc:2    | Found Zuamm's Antique Armour Shop.
 23364 | Orc:2    | Found Puemoaff's Distillery.
 23370 | Orc:2    | Found Aneid's Magic Scroll Shoppe.
 23370 | Orc:2    | Found Noocem's Armour Boutique.
 23397 | Orc:2    | Bought the +1 cloak of the Original Sin {Contam rN+ Slay+6}
                  | for 604 gold pieces
 23437 | Orc:2    | Bought a scroll of blinking for 82 gold pieces
 23437 | Orc:2    | Bought a scroll of revelation for 82 gold pieces
 23437 | Orc:2    | Bought a scroll of revelation for 82 gold pieces
 23592 | Orc:2    | Found a staircase to the Elven Halls.
 23746 | Orc:2    | Found Jeipa's Distillery.
 24111 | Spider:1 | Entered Level 1 of the Spider Nest
 24268 | Spider:1 | Paralysed by a jorogumo for 3 turns
 24349 | Spider:1 | Gained mutation: You have an unnaturally thin skeletal
                  | structure. (Dex +6, Stealth+++) [demonic ancestry]
 24349 | Spider:1 | Reached XP level 17. HP: 70/130 MP: 16/29
 25034 | Spider:1 | Identified the +6 hand axe "Juhaheoff" {flame, rElec Str+3
                  | Dex+3 Stlth+}
 25441 | Spider:2 | Noticed Donald
 25447 | Spider:2 | Killed Donald
 25603 | Spider:2 | Reached skill level 10 in Invocations
 25631 | Spider:2 | Noticed Mlioglotl
 25635 | Spider:2 | Killed Mlioglotl
 25681 | Spider:2 | Noticed Roxanne
 25691 | Spider:2 | Killed Roxanne
 26284 | Spider:3 | Reached skill level 11 in Maces & Flails
 26964 | Spider:4 | Entered Level 4 of the Spider Nest
 27504 | Spider:4 | Got a gossamer rune of Zot
 28266 | Shoals:1 | Entered Level 1 of the Shoals
 28397 | Shoals:1 | Reached skill level 5 in Evocations
 29009 | Shoals:2 | Gained mutation: Your magical and physical power is
                  | slightly enhanced at high health. [demonic ancestry]
 29009 | Shoals:2 | Reached XP level 18. HP: 130/141 MP: 27/31
 29044 | Shoals:2 | Reached skill level 5 in Stealth
 29247 | Shoals:2 | You fall into a shaft and drop 1 floor!
 29410 | Shoals:3 | Reached skill level 12 in Maces & Flails
 30476 | Shoals:4 | Entered Level 4 of the Shoals
 30488 | Shoals:4 | Acquired a manual of Evocations
 30496 | Shoals:4 | Paralysed by an air elemental for 1 turns
 30537 | Shoals:4 | Paralysed by an air elemental for 1 turns
 30841 | Shoals:4 | Got a barnacled rune of Zot
 30911 | Shoals:4 | Paralysed by an air elemental for 1 turns
 31198 | Shoals:4 | Found a stormy altar of Qazlal.
 31215 | Shoals:4 | Paralysed by an air elemental for 1 turns
 31344 | Shoals:4 | Paralysed by an air elemental for 1 turns
 31349 | Shoals:4 | Paralysed by an air elemental for 1 turns
 31822 | Vaults:1 | Entered Level 1 of the Vaults
 31970 | Vaults:1 | Found Adeerad's Distillery.
 31984 | Vaults:1 | Bought a potion of might for 68 gold pieces
 31984 | Vaults:1 | Bought a potion of might for 68 gold pieces
 32012 | Vaults:1 | Bought a potion of enlightenment for 85 gold pieces
 32024 | Vaults:1 | Reached skill level 10 in Spellcasting
 32165 | Vaults:1 | Learned a level 5 spell: Arcjolt
 32217 | Vaults:1 | Reached XP level 19. HP: 140/149 MP: 23/33
 32527 | Vaults:1 | Identified the +4 arbalest of Qatacw {heavy, Int+4}
 32752 | Vaults:1 | Reached skill level 1 in Conjurations
 32753 | Vaults:1 | Reached skill level 1 in Air Magic
 32895 | Vaults:1 | Reached skill level 13 in Maces & Flails
 33139 | D:15     | Bought a manual of Armour for 880 gold pieces
 33212 | Vaults:2 | Found a staircase to the Crypt.
 33224 | Vaults:2 | Reached skill level 10 in Dodging
 33388 | Vaults:2 | Found Hukirise's Distillery.
 33661 | Vaults:2 | Found Xutwaes's Assorted Antiques.
 34104 | Vaults:2 | Found Xalok's Weapon Shop.
 34155 | Vaults:2 | Found Yrchagio's Distillery.
 34520 | Vaults:3 | Found Eppie's Assorted Antiques.
 34600 | Vaults:3 | Noticed Zenata
 34609 | Vaults:3 | Killed Zenata
 34891 | Vaults:3 | Found Cunivino's Assorted Antiques.
 35002 | Vaults:3 | Reached skill level 5 in Throwing
 35142 | Vaults:3 | Found Jonk's Jewellery Boutique.
 35161 | Vaults:3 | Bought the necklace of Bloodlust {Fury *Rage Will++ Int-3
                  | Slay+6} for 679 gold pieces
 35161 | Vaults:3 | Found the necklace of Bloodlust {Fury *Rage Will++ Int-3
                  | Slay+6}
 35352 | Vaults:3 | Reached XP level 20. HP: 157/157 MP: 34/34
 36009 | Vaults:4 | Reached skill level 14 in Maces & Flails
 36080 | Vaults:4 | Got Sif Muna's Volume of Unstable Rime
 36804 | Vaults:4 | Reached skill level 10 in Armour
 37280 | Elf:1    | Entered Level 1 of the Elven Halls
 37628 | Elf:1    | Identified the +1 pair of gloves of a volcano {Int+3 Dex+2}
 37643 | Elf:1    | Identified the +0 mace "Goblinslayer" {drain, rF+ rC+
                  | Int+4}
 37808 | Elf:1    | Found Vowkot's Antique Armour Emporium.
 38233 | Elf:2    | Paralysed by an air elemental for 1 turns
 38601 | Elf:2    | Reached skill level 10 in Evocations
 38725 | Elf:2    | Found a runed translucent gate.
 38725 | Elf:2    | Found a runed translucent gate.
 38725 | Elf:2    | Found a runed translucent gate.
 38986 | Elf:3    | Entered Level 3 of the Elven Halls
 39136 | Elf:3    | Reached XP level 21. HP: 154/164 MP: 36/36
 39274 | Elf:3    | Noticed Asterion
 39301 | Elf:3    | Reached skill level 5 in Conjurations
 39581 | Elf:3    | Identified the +1 falchion of the Freezing Gods {vamp, rN+
                  | Will+ Dex+2}
 39581 | Elf:3    | Identified the ring of Gepilah {Fly Slay+3}
 39642 | Elf:3    | Killed Asterion
 39914 | Elf:3    | Identified the +6 long sword of the Eternal Warrior
                  | {protect, Str-2 Dex+6 Stlth+}
 39914 | Elf:3    | Identified the +3 leather armour of the Falcon {Fly}
 40063 | Elf:3    | Identified the staff "Secwogha" {rPois Will- Int-2 Dex+8
                  | Earth Poison}
 40066 | Elf:3    | Got Sif Muna's Spellbook of Petrified Anemomancy
 40068 | Elf:3    | Identified the +1 helmet of the Gate {Will+ Str+5 Int+2
                  | Dex-5}
 40074 | Elf:3    | Identified the +2 leather armour of the Little Devil
                  | {Contam rElec Str+6}
 40209 | Elf:3    | Identified the +9 long sword "Ufarghek" {venom, Will+}
 40227 | Elf:3    | Got the Treatise on Flame and the Shift
 40649 | Depths:1 | Entered Level 1 of the Depths
 40672 | Depths:1 | Reached skill level 5 in Air Magic
 40739 | Depths:1 | Found a gateway to Hell.
 40814 | Depths:1 | Noticed Saint Roka
 40825 | Depths:1 | Reached skill level 15 in Maces & Flails
 40830 | Depths:1 | Killed Saint Roka
 40915 | Depths:1 | Found a hazy altar of Hepliaklqana.
 41270 | Depths:1 | Got the Opusculum on the Torch
 41340 | Depths:1 | Identified the amulet "Qacivub" {Reflect rElec Int+3 SH+5
                  | SInv}
 41606 | Depths:2 | Gained mutation: You occasionally shout uncontrollably at
                  | your foes. [a shining eye]
 41663 | Depths:2 | Found a one-way gateway to a ziggurat.
 41760 | Depths:2 | Learned a level 8 spell: Ignition
 42044 | Depths:2 | Noticed a golden dragon
 42050 | Depths:2 | Found a transporter.
 42050 | Depths:2 | Found a transporter.
 42269 | Depths:2 | Found a runed translucent gate.
 42270 | Depths:2 | Found a runed translucent gate.
 42270 | Depths:2 | Found a runed translucent gate.
 42315 | Depths:2 | Reached skill level 1 in Fire Magic
 42405 | Depths:2 | Found a runed translucent gate.
 42405 | Depths:2 | Found a runed translucent gate.
 42414 | Depths:2 | Found a runed translucent gate.
 42417 | Depths:2 | Noticed Obergh's ghost (journeyman SpBr)
 42625 | Depths:2 | Found a one-way gate leading to the halls of Pandemonium.
 42851 | Depths:3 | Noticed Xtahua
 42949 | Depths:3 | Gained mutation: Your magical and physical power is
                  | enhanced at high health. [demonic ancestry]
 42949 | Depths:3 | Reached XP level 22. HP: 158/172 MP: 37/37
 43087 | Depths:3 | Identified the ring of the Harvest {rCorr MP+9 Str+3
                  | Stlth+}
 43271 | Depths:3 | Found a one-way gate to the infinite horrors of the Abyss.
 43277 | Depths:3 | Noticed a golden dragon
 43320 | Depths:3 | Noticed a caustic shrike
 43325 | Depths:3 | Killed a caustic shrike
 43340 | Depths:3 | Killed a golden dragon
 43443 | Depths:3 | Found the sphere of Battle
 44599 | Depths:3 | Reached skill level 5 in Polearms
 44630 | Depths:4 | Entered Level 4 of the Depths
 44633 | Depths:4 | Found Weroar's Distillery.
 44743 | Depths:4 | Noticed Vv
 44856 | Depths:4 | Found Qusegra's Book Shoppe.
 44953 | Depths:4 | Found Toihoabb's One-of-a-Kind Rings.
 44978 | Depths:4 | Found Ergha's Assorted Antiques.
 45027 | Depths:4 | Noticed a golden dragon
 45037 | Depths:4 | Killed a golden dragon
 45038 | Depths:4 | Found a gate to the Realm of Zot.
 45054 | Depths:4 | Slain by Vv

Illustrated notes

Levels and vault maps discovered:
D:1:      onia_arrival_mini_spirals, layout_basic,
          hangedman_decor_diamond_cutter, grunt_decor_one_mirror
D:2:      layout_basic, nicolae_ecumenical_pavilion, serial_glass,
          glass_columns_b, glass_columns_b, glass_columns_a, glass_columns_b,
          glass_columns_a, glass_columns_b, glass_columns_a, glass_columns_b,
          minmay_bisected, uniq_sigmund
D:3:      layout_basic
D:4:      layout_basic, minivault_24, minmay_fractal_squares_5
D:5:      layout_basic, mainiacjoe_overflow_brackets
D:6:      layout_cave_pools, minmay_temple_entry_nine_rooms, serial_rivers,
          chequers_serial_rivers_micro_b, chequers_serial_rivers_small_3,
          chequers_serial_rivers_small_3, chequers_serial_rivers_small_b,
          chequers_serial_rivers_large_b
D:7:      minmay_bubble_buster, layout_cave_pools, grunt_ministairs_12,
          bh_walls_and_bars, uniq_menkaure
D:8:      layout_rooms, amcnicky_altar_gilded, mainiacjoe_overflow_swirl,
          uniq_maggie
D:9:      layout_basic, dancing_weapons_uskayaw, nzn_wu_jian_council_hall,
          lair_entry_dummy, serial_aquarium, aquarium_bridge_long_separate
          [aquarium_subvault_bridge, aquarium_subvault_bridge,
          aquarium_subvault_wall, aquarium_subvault_window,
          aquarium_subvault_bridge, aquarium_subvault_window],
          aquarium_window_corner, aquarium_window_1, aquarium_view_2d,
          aquarium_view_2e, aquarium_pool_1, ebering_ghost_xom
D:10:     layout_irregular_city, mainiacjoe_overflow_paths, grunt_ministairs_13,
          serial_bayou_crossing, uniq_joseph
D:11:     layout_basic, orc_0_dummy, serial_shops,
          nicolae_shop_bloodbath_and_beyond, kennysheep_doodads
D:12:     wander_kiku_kobolds, layout_layer_cave,
          nicolae_shop_overcharged_wands, uniq_nergalle, uniq_jorgrun,
          uniq_maurice
D:13:     layout_roguey, gammafunk_ghost_arena
D:14:     layout_roguey [special_room_orc], skrybe_vaults_entry_preservation,
          kennysheep_minor_cross, serial_shops, nicolae_shop_gibbet_a_chance,
          vehumet_altar_wand_db
D:15:     gammafunk_enter_depths_forms, layout_cave_pools,
          corexii_hall_statues_l, nicolae_shop_self_help
Temple:   nicolae_temple_superstar
Lair:1:   layout_cave_shapes, serial_bayou_shore_b, grunt_megastairs_2
Lair:2:   nzn_winding_woodlands_stair_cross
          [nzn_winding_woodlands_5x15_river_crossing,
          nzn_winding_woodlands_center_pierced_h,
          nzn_winding_woodlands_5x15_jagged,
          nzn_winding_woodlands_5x5_open_star,
          nzn_winding_woodlands_5x5_perimeter,
          nzn_winding_woodlands_5x15_sidewinder,
          nzn_winding_woodlands_center_diamonds,
          nzn_winding_woodlands_5x15_split_checker], layout_layer_cave,
          elwin_shoals_entry_stream, infiniplex_staircase_pool_2, uniq_amaemon
Lair:3:   cheibrodos_lair_overgrown_chateau, layout_regular_city,
          nicolae_spider_entry_lesser_pyramids,
          lightli_volcano_entry_magma_tube, uniq_josephine
Lair:4:   layout_regular_city, grunt_megastairs_1, lemuel_fruit_fields
Lair:5:   minmay_lair_end_enchanted_forest, layout_gridlike,
          minmay_slime_entry_pillars, pdpol_lair_cavern_descent
Shoals:1: layout_shoals
Shoals:2: layout_shoals, nicolae_shoals_cliffside_cave
Shoals:3: layout_shoals, nicolae_shoals_hunting_party
Shoals:4: shoals_end_hellmonk_storm_palace [storm_palace_center_square,
          storm_palace_corner_pillars, storm_palace_corner_altar,
          storm_palace_corner_pillars, storm_palace_corner_pillars]
Spider:1: layout_cave_pods, drop_trap, nicolae_spider_world_wide_web
Spider:2: layout_spider_delve, uniq_donald, uniq_roxanne, uniq_mlioglotl
Spider:3: layout_spider_delve, hangedman_spider_tarantella_strand
Spider:4: spider_rune_water
Orc:1:    layout_diamond_mine
Orc:2:    st_orc_ogre_mass, layout_diamond_mine, serial_shops, shop,
          ebering_ghost_gozag, minmay_orc_temple_a
Elf:1:    eino_elf_arrival_shootout, layout_gridlike, serial_shops, shop,
          minmay_elf_annihilation
Elf:2:    nicolae_elf_blades_splatter_lattice [mumra_blade_entry_dagger],
          layout_onion_city, columned_hall_lemuel
Elf:3:    minmay_elf_hall_hex, layout_geoelf_grid, uniq_asterion
Vaults:1: v_misc_16, nicolae_vaults_yaktaur_gun_rack, nicolae_vaults_diamond_1,
          nicolae_vaults_angled_halls, ontoclasm_vaults_fault,
          vaults_dpeg_emergency_exit, hangedman_vaults_corner,
          nicolae_vaults_more_shelving_1, v_alt_pattern_6, v_misc_16,
          nicolae_vaults_storage_closets_3, nicolae_vaults_diagonal_hallway_9,
          ontoclasm_vaults_loading_screen, layout_vaults_ring, serial_shops,
          shop
Vaults:2: minmay_crypt_entry_simple_sparse, v_misc_9, grunt_vaults_twisty,
          v_alt_pattern_5, v_misc_10, nicolae_vaults_frosty_reception,
          nicolae_vaults_trapezoid_layered, v_misc_13,
          nicolae_vaults_little_squares_2, vaults_dpeg_hooks,
          vaults_room_stairs_pillars, layout_vaults_omnigrid, serial_shops,
          nicolae_diamond_shop, nicolae_shop_statue_plus,
          nicolae_shop_tiny_real_fake_doors, nicolae_shop_trees
Vaults:3: v_misc_12, vaults_mumra_hexcomb, vaults_room_octagon, v_misc_11,
          nicolae_vaults_swerve, nicolae_vaults_two_Ls, hangedman_vaults_unwind,
          vaults_room_pool, nicolae_vaults_heart-shaped_vault,
          nicolae_vaults_antechamber_and_loot_room, v_misc_26,
          layout_vaults_omnibox, serial_shops, nicolae_lakefront_shop, shop,
          nicolae_square_shop, uniq_zenata
Vaults:4: v_misc_12, nicolae_vaults_puzzle_piece,
          nicolae_vaults_hexular_roomagon, nicolae_vaults_ellipses_ellipsis,
          vaults_room_hallway, hangedman_vaults_stretched_pinwheel,
          v_alt_pattern_4, nicolae_vaults_what_the_h,
          nicolae_vaults_surprise_closet_hard, layout_vaults_chaotic_city
Depths:1: layout_cave_shapes, hangedman_tar_grid_catacomb,
          hangedman_abyss_or_decor_stabs, nicolae_hepliaklqana_hazy_memory,
          uniq_saint_roka
Depths:2: gammafunk_sealed_arena, layout_cave_pools, enter_ziggurat_d,
          ploomutoo_gammafunk_ghost_potion_laboratory, rand_demon_pan_entry_5,
          serial_co_window_serial, co_window_cross_1, co_window_corner_a,
          co_window_paths_a, co_window_cross_1, co_window_of_opportunity_a,
          co_window_corner_cb, co_window_2corner, glass_columns_b,
          glass_columns_c, lemuel_statue_altar, hangedman_geh_valley
Depths:3: hangedman_stitches_corridor, layout_cave_pools, lightli_too_deep,
          abyss_entry, lemuel_flame_loot_1, uniq_xtahua
Depths:4: grunt_zot_entry_tricorne, layout_cross, nemelex_altar_shiori,
          serial_shops, shop, shop, nicolae_shop_crystal, abyss_entry_glasseish,
          hell_entry, nicolae_shop_unique_rings, uniq_vv

Skill      XL: |  1  2  3  4  5  6  7  8  9 10 11 12 13 14 15 16 17 18 19 20 21 22 |
---------------+-------------------------------------------------------------------+-----
Axes           | 2 3 4 5 6 7 8 |  8.9
Armour         | 3 4 5 6 7 8 9 10 11 | 11.3
Dodging        | 1 2 3 4 5 6 7 8 9 10 11 | 11.7
Shields        | 3 4 5 6 7 8 9 |  9.9
Unarmed Combat | 1 2 3 4 5 6 7 8 |  8.8
Spellcasting   | 1 2 3 4 5 6 7 8 9 10 11 | 11.7
Fighting       | 4 5 6 7 8 9 11 12 13 14 | 14.3
Shapeshifting  | 1 2 3 4 5 6 7 8 9 |  9.6
Stealth        | 2 3 4 5 6 |  6.2
Invocations    | 3 5 6 7 8 9 10 11 12 13 | 13.0
Maces & Flails | 2 5 7 8 10 11 12 13 14 15 | 15.1
Throwing       | 1 2 4 5 6 7 8 |  8.1
Polearms       | 1 2 3 5 |  5.7
Necromancy     | 2 3 4 6 7 8 9 |  9.0
Evocations     | 1 3 5 6 8 10 11 12 | 12.0
Conjurations   | 3 4 6 |  6.4
Air Magic      | 2 4 5 6 |  6.2
Fire Magic     | 1 2 |  2.4

Action                     |  1- 3 |  4- 6 |  7- 9 | 10-12 | 13-15 | 16-18 | 19-21 | 22-24 || total
---------------------------+-------+-------+-------+-------+-------+-------+-------+-------++-------
  Melee: War axe           |    65 |    83 |   209 |   252 |       |       |       |       ||   609
         Headbutt          |     7 |    11 |    40 |    93 |   122 |   185 |   182 |    43 ||   683
         Demon whip        |       |       |       |   118 |       |       |       |       ||   118
         Demon trident     |       |       |       |    42 |    61 |       |       |       ||   103
         Eveningstar       |       |       |       |       |   468 |   807 |   657 |    15 ||  1947
         Lance             |       |       |       |       |       |       |    43 |   132 ||   175
  Throw: Dart              |       |       |       |     6 |       |     2 |     7 |       ||    15
         Boomerang         |       |       |       |       |       |    63 |   111 |       ||   174
   Cast: Vampiric Draining |       |       |       |       |     2 |    15 |    22 |       ||    39
 Invoke: Slouch            |       |       |       |     2 |     2 |    12 |    12 |       ||    28
         Step From Time    |       |       |       |       |       |       |     1 |       ||     1
  Evoke: Wand              |       |       |     1 |     6 |     1 |     1 |     1 |     5 ||    15
         Phantom mirror    |       |       |       |       |       |     1 |       |       ||     1
         Lightning rod     |       |       |       |       |       |       |     3 |       ||     3
         Condenser vane    |       |       |       |       |       |       |     2 |     1 ||     3
    Use: Potion            |     1 |       |     7 |     6 |     1 |     4 |     6 |     2 ||    27
         Scroll            |       |       |     3 |    18 |     7 |    12 |    10 |     6 ||    56
   Stab: Sleeping          |       |       |     1 |     9 |     1 |    25 |    27 |     2 ||    65
         Invisible         |       |       |     1 |       |       |       |       |       ||     1
         Distracted        |       |       |       |     3 |     2 |     8 |     2 |     1 ||    16
         Paralysed         |       |       |       |       |       |    12 |     4 |       ||    16
 Armour: Scale mail        |    35 |    31 |    44 |   112 |       |       |       |       ||   222
         Chain mail        |       |       |    41 |       |    23 |   367 |   146 |    27 ||   604
         Skin              |       |       |       |    11 |       |       |       |       ||    11
         Plate armour      |       |       |       |    15 |   174 |       |       |       ||   189
  Dodge: Dodged            |    43 |    39 |   139 |   418 |   429 |   725 |   469 |    60 ||  2322
  Block: Buckler           |    23 |    18 |    71 |   181 |   291 |   170 |       |       ||   754
         Kite shield       |       |       |       |       |       |   503 |   736 |    78 ||  1317
         Reflection        |       |       |       |       |       |    37 |   121 |       ||   158
         Form:             |       |       |       |       |     1 |       |       |       ||     1
         Anaconda          |       |       |       |       |     1 |       |       |       ||     1

Table legend: (Time is in decaauts)
 A = Elapsed time spent in this place.
 B = Non-inter-level travel time spent in this place.
 C = Inter-level travel time spent in this place.
 D = Time resting spent in this place.
 E = Time spent auto-exploring this place.
 F = Levels seen in this place.
 G = Mean time per level.
                   A        B        C        D        E       F      G
               +--------+--------+--------+--------+--------+-----+--------+
         Total |  69288 |  63049 |   6239 |   5268 |  47024 |  44 | 1574.7 |
       Dungeon |  19390 |  17350 |   2040 |   1244 |  13604 |  15 | 1292.7 |
        Temple |    139 |    114 |     25 |      0 |    100 |   1 |  139.0 |
          Lair |  12583 |  11460 |   1123 |   1303 |   8283 |   5 | 2516.6 |
        Shoals |   5703 |   5165 |    538 |    247 |   3965 |   4 | 1425.8 |
   Spider Nest |   6655 |   6238 |    417 |    272 |   4950 |   4 | 1663.8 |
  Orcish Mines |   1761 |   1393 |    368 |      0 |   1005 |   2 |  880.5 |
   Elven Halls |   5370 |   5001 |    369 |    741 |   3331 |   3 | 1790.0 |
        Vaults |   8889 |   8330 |    559 |    497 |   6613 |   4 | 2222.2 |
        Depths |   8001 |   7205 |    796 |    779 |   4934 |   4 | 2000.2 |
         Abyss |    320 |    320 |      0 |      0 |    185 |   1 |  320.0 |
       Volcano |    472 |    472 |      0 |    183 |     53 |   1 |  472.0 |
               +--------+--------+--------+--------+--------+-----+--------+

Top non-repeatable levels by time:
Depths:3: 3534 daAuts
  Lair:2: 3522 daAuts
    D:12: 3156 daAuts
  Lair:5: 2498 daAuts
Vaults:4: 2464 daAuts
  Lair:1: 2439 daAuts
  Lair:3: 2387 daAuts
Vaults:3: 2320 daAuts
Vaults:2: 2222 daAuts
   Elf:3: 2171 daAuts
Depths:2: 2143 daAuts
Spider:1: 2124 daAuts
     D:9: 2010 daAuts
Spider:4: 1951 daAuts
Vaults:1: 1882 daAuts
